 Dungeon Crawl Stone Soup version 0.28.0-53-g5a82cb258f (webtiles) character file.

Game seed: 1212294003926304495

96 suse60 the Skirmisher (level 4, -1/37 HPs)
             Began as a Demonspawn Monk on June 9, 2022.
             Slain by a gnoll
             ... wielding a +0 spear
              (5 damage)
             ... on level 3 of the Dungeon.
             The game lasted 00:13:29 (2915 turns).

suse60 the Skirmisher (Demonspawn Monk)             Turns: 2915, Time: 00:13:29

Health: -1/37      AC:  3    Str: 13    XL:     4   Next: 41%
Magic:  4/4        EV: 13    Int: 11    God:
Gold:   65         SH:  0    Dex: 20    Spells: 3/3 levels left

rFire   . . .      SeeInvis .   a - +0 hand axe
rCold   . . .      Faith    .   (no shield)
rNeg    . . .      Spirit   .   b - +0 robe
rPois   .          Reflect  .   g - +1 hat
rElec   .          Harm     .   (no cloak)
rCorr   .          Rampage  .   (no gloves)
Will    .....                   (no boots)
Stlth   ++++......              (no amulet)
HPRegen 0.12/turn               (no ring)
MPRegen 0.09/turn               (no ring)

@: no status effects
A: thin skeletal structure 2, weakness stinger 1
a: no special abilities


You were on level 3 of the Dungeon.
You visited 1 branch of the dungeon, and saw 3 of its levels.

You collected 109 gold pieces.
You spent 44 gold pieces at shops.

Inventory:

Hand Weapons
 a - a +0 hand axe (weapon)
Armour
 b - a +0 robe (worn)
 g - a +1 hat (worn)
Scrolls
 c - a scroll of brand weapon {unknown}
 d - a scroll of fear
Potions
 e - 2 potions of lignification


   Skills:
 + Level 4.2 Fighting
 + Level 3.8 Axes
 - Level 2.6 Dodging
 - Level 1.7 Stealth


You had 3 spell levels left.
You didn't know any spells.
Your spell library contained the following spells:

 Spells                   Type           Power      Damage    Failure   Level
 Frozen Ramparts          Ice            0%         1d2       71%         3
 Tukima's Dance           Hex            0%         N/A       71%         3
 Ice Form                 Ice/Tmut       0%         N/A       98%         4
 Passage of Golubria      Tloc           0%         N/A       98%         4
 Summon Ice Beast         Ice/Summ       0%         N/A       98%         4
 Yara's Violent Unravell  Hex/Tmut       0%         3d3       100%        5


Dungeon Overview and Level Annotations

Branches:
Dungeon (3/15)

Altars:

Shops:
D:2 ?   D:3 *


Innate Abilities, Weirdness & Mutations

You have a moderately thin skeletal structure. (Dex +4, Stealth++)
You have a small tail.


Message History

The gnoll closely misses you.
You hit the gnoll.
The gnoll is moderately wounded.
The gnoll hits you with a +0 spear. x2
You hit the gnoll but do no damage.
The gnoll is moderately wounded.
The gnoll hits you with a +0 spear.
You hit the gnoll but do no damage.
The gnoll is moderately wounded.
The gnoll barely misses you.
You hit the gnoll.
The gnoll is heavily wounded.
The gnoll hits you with a +0 spear.
* * * LOW HITPOINT WARNING * * *
You barely miss the gnoll.
The gnoll is moderately wounded.
The gnoll hits you with a +0 spear.
* * * LOW HITPOINT WARNING * * *
You hit the gnoll.
The gnoll is severely wounded.
The gnoll barely misses you.
You barely miss the gnoll. You tail-slap the gnoll.
The gnoll is almost dead.
The gnoll hits you with a +0 spear.
* * * LOW HITPOINT WARNING * * *
You hit the gnoll but do no damage.
The gnoll is almost dead.
The gnoll hits you with a +0 spear.
* * * LOW HITPOINT WARNING * * *
You feel better. The gnoll hits you with a +0 spear!
* * * LOW HITPOINT WARNING * * *
You hit the gnoll.
The gnoll is almost dead.
The gnoll hits you with a +0 spear.
* * * LOW HITPOINT WARNING * * *
The gnoll barely misses you.
You hit the gnoll but do no damage.
The gnoll is almost dead.
The gnoll hits you with a +0 spear.
You die...

#.###.#.#.#####.#####....####
#.###.#.#.....#.....#....# #
#...#.#.#####.#####'#....#
###g#.......#.####..^.####
.###.#.#.#..)##....# .#
#.###.###.#.....# .g
#.#...#...#.....#######
##'#.......#(.............
..(.....@.#.##...........
........g.#.##....(.....†
..........#.##...........
..........#.##...........
.....<..#.#.#############
...####.#.#.# ... ..#.#.# ##
.#.# #####


You could see a gnoll.

Vanquished Creatures
  2 gnolls (D:3)
  2 adders (D:2)
  A worm (D:3)
  A dart slug (D:1)
  6 endoplasms
  A giant cockroach (D:1)
  2 hobgoblins
  15 jackals
  3 kobolds
  A quokka (D:2)
  2 ball pythons
  4 bats
  4 frilled lizards
  2 goblins
  4 rats
50 creatures vanquished.

Notes
Turn   | Place    | Note
-------+----------+-------------------------------------------
     0 | D:1      | suse60 the Demonspawn Monk began the quest for the Orb.
     0 | D:1      | Reached XP level 1. HP: 18/18 MP: 1/1
    82 | D:1      | Gained mutation: You have a somewhat thin skeletal
                  | structure. (Dex +2, Stealth+) [demonic ancestry]
    82 | D:1      | Reached XP level 2. HP: 12/24 MP: 2/2
  1069 | D:2      | Gained mutation: You have a moderately thin skeletal
                  | structure. (Dex +4, Stealth++) [demonic ancestry]
  1069 | D:2      | Reached XP level 3. HP: 18/30 MP: 3/3
  1377 | D:2      | Found a faded altar of an unknown god.
  1844 | D:2      | Found Zelib's Magic Scroll Boutique.
  1854 | D:2      | Bought a scroll of identify for 22 gold pieces
  1854 | D:2      | Bought a scroll of identify for 22 gold pieces
  1906 | D:3      | Found Neos's General Store.
  1962 | D:3      | Reached skill level 4 in Fighting
  2197 | D:3      | Gained mutation: You have a small tail. [demonic ancestry]
  2197 | D:3      | Reached XP level 4. HP: 29/37 MP: 4/4
  2915 | D:3      | Slain by a gnoll

Illustrated notes

Levels and vault maps discovered:
D:1:      dpeg_arrival_rooms_c, layout_loops_ring, minmay_strange_pillars
D:2:      layout_rooms, serial_shops, shop, shapermc_ecumenical_altar_venn,
          nicolae_concentric_dashed_squares_wild, grunt_ministairs_3
D:3:      layout_basic, serial_shops, shop

Skill      XL: |  1  2  3 |
---------------+----------+-----
Axes           | 3 |  3.8
Fighting       | 4 |  4.2
Dodging        | |  2.6
Stealth        | |  1.7

Action                   |  1- 3 |  4- 6 || total
-------------------------+-------+-------++-------
Melee: Hand axe          |   164 |    42 ||   206
       Punch             |     2 |       ||     2
       Tailslap          |       |     6 ||     6
  Use: Scroll            |     6 |       ||     6
       Potion            |     1 |     1 ||     2
 Stab: Sleeping          |    12 |     3 ||    15
Armor: Robe              |    25 |     4 ||    29
Dodge: Dodged            |   104 |    11 ||   115
